 Dungeon Crawl Stone Soup version 0.30-a0-808-g6e0788376e (webtiles) character file.

Game seed: 8064890250350937649

10353 Iich the Severer (level 11, -12/106 HPs)
             Began as a Hill Orc Fighter on Feb 25, 2023.
             Was a Priest of Okawaru.
             Mangled by Snorg (13 damage)
             ... on level 10 of the Dungeon on Feb 26, 2023.
             The game lasted 00:17:12 (13130 turns).

Iich the Severer (Hill Orc Fighter)                Turns: 13130, Time: 00:17:12

Health: -12/106    AC: 14    Str: 20    XL:     11   Next: 60%
Magic:  11/11      EV: 12    Int:  8    God:    Okawaru [***...]
Gold:   804        SH:  0    Dex: 14    Spells: 10/10 levels left

rFire   . . .      SeeInvis .    a - +0 war axe
rCold   + . .      Faith    .    c - +0 buckler
rNeg    . . .      Spirit   .    K - +4 chain mail {Will+}
rPois   .          Reflect  +    C - +0 hat {Will+}
rElec   .          Harm     .    o - +0 cloak
rCorr   .          Rampage  .    (no gloves)
Will    ++...                    (no boots) Stlth
                                 w - amulet of reflection
HPRegen 0.37/turn                x - +5 ring of evasion
MPRegen 0.12/turn                f - ring of protection from cold

@: confused, ambrosia-drunk
A: no striking features
a: Renounce Religion, Heroism


You were on level 10 of the Dungeon.
You worshipped Okawaru.
Okawaru was most pleased with you.
You visited 2 branches of the dungeon, and saw 11 of its levels.
You also visited: Ossuary.

You collected 954 gold pieces.
You spent 150 gold pieces at shops.

Inventory:

Hand Weapons
 a - a +0 war axe (weapon)
Missiles
 b - a throwing net
 r - 2 curare-tipped darts (quivered)
Armour
 c - a +0 buckler (worn)
 o - a +0 cloak (worn)
 C - a +0 hat of willpower (worn)
 K - a +4 chain mail of willpower (worn)
Jewellery
 f - a ring of protection from cold (right hand)
 w - an amulet of reflection (around neck)
 x - a +5 ring of evasion (left hand)
 y - a ring of magical power
 J - a ring of ice
 L - an amulet of the acrobat
 N - a ring of protection from cold
Wands
 q - a wand of roots (22)
 D - a wand of flame (30)
 M - a wand of mindburst (6)
Scrolls
 e - a scroll of magic mapping
 h - 3 scrolls of silence
 i - a scroll of immolation
 j - 3 scrolls of amnesia
 k - 3 scrolls of fear
 l - a scroll of poison
 p - 4 scrolls of enchant weapon
 u - 2 scrolls of enchant armour
 v - 2 scrolls of brand weapon
 F - a scroll of vulnerability
 H - a scroll of fog {unknown}
Potions
 d - 5 potions of might
 g - a potion of flight
 m - 3 potions of attraction
 n - 2 potions of invisibility
 t - 2 potions of curing
 z - a potion of lignification {unknown}
 A - a potion of resistance
 B - a potion of heal wounds
 E - a potion of magic {unknown}
 G - a potion of berserk rage {unknown}
 I - a potion of brilliance {unknown}


   Skills:
 + Level 12.8 Fighting
 * Level 18.6 Axes
 - Level 3.2 Armour
 - Level 3.2 Shields


You had 10 spell levels left.
You didn't know any spells.
Your spell library contained the following spells:

 Spells                   Type           Power      Damage    Failure   Level
 Magic Dart               Conj           0%         1d3       99%         1
 Lesser Beckoning         Tloc           0%         N/A       100%        2
 Sublimation of Blood     Necr           0%         N/A       100%        2
 Wereblood                Tmut           0%         N/A       100%        2
 Gell's Gravitas          Tloc           0%         N/A       100%        3
 Teleport Other           Tloc           0%         N/A       100%        3
 Manifold Assault         Tloc           0%         N/A       100%        4
 Petrify                  Tmut/Erth      0%         N/A       100%        4
 Metabolic Englaciation   Hex/Ice        0%         N/A       100%        5
 Dispersal                Tloc           0%         N/A       100%        6
 Statue Form              Tmut/Erth      0%         N/A       100%        6
 Ozocubu's Refrigeration  Ice            0%         4d7       100%        7
 Disjunction              Tloc           0%         N/A       100%        8
 Summon Hydra             Summ           Unusable   N/A       N/A         7

Dungeon Overview and Level Annotations

Branches:
Dungeon (10/15)            Temple (1/1) D:7            Lair (0/5) D:10
    Orc (0/2) D:9         Ossuary (visited)

Altars:
Ashenzari
Cheibriados
Dithmenos
Elyvilon
Fedhas
Gozag
Hepliaklqana
Kikubaaqudgha
Makhleb
Nemelex Xobeh
Okawaru
Qazlal
Ru
Sif Muna
Trog
Uskayaw
Vehumet
Wu Jian
Xom
Yredelemnul
Zin
The Shining One

Shops:
D:8 *   D:10 *

Annotations:
D:10 Snorg


Message History

Snorg beckons gently.
You hit Snorg but do no damage. You closely miss Snorg.
You block Snorg's attack. Snorg closely misses you.
Snorg claws you but does no damage.
You hit Snorg.
Snorg is lightly wounded.
Snorg goes berserk!
You slash Snorg!
Snorg is lightly wounded.
Snorg bites you! Snorg claws you. Snorg claws you!
You barely miss Snorg.
Snorg is lightly wounded.
Snorg bites you! Snorg claws you! x2
You slash Snorg!
Snorg is lightly wounded.
Snorg barely misses you. Snorg claws you.
* * * LOW HITPOINT WARNING * * *
Snorg claws you!
* * * LOW HITPOINT WARNING * * *
You closely miss Snorg.
Snorg is lightly wounded.
Snorg bites you!
* * * LOW HITPOINT WARNING * * *
Snorg claws you!
* * * LOW HITPOINT WARNING * * *
Snorg barely misses you.
You are confused.
You feel invigorated. Snorg bites you but does no damage.
Snorg barely misses you. Snorg claws you but does no damage.
Snorg closely misses you. Snorg claws you but does no damage. x2
Snorg bites you.
* * * LOW HITPOINT WARNING * * *
Snorg claws you!
* * * LOW HITPOINT WARNING * * *
Snorg claws you!
* * * LOW HITPOINT WARNING * * *
Snorg barely misses you. Snorg claws you but does no damage. Snorg claws you!
* * * LOW HITPOINT WARNING * * *
Snorg bites you!
You die...

.............# #.....#....
.............##########.....'...<
............................##...
...................<.........#...
.......#########.)...........#...
......~.....)...[)...........#...
~..~.~.......~....#..........#...
~..≈~~.~~..~≈~....#..........#...
≈~~≈≈~~~~~≈~≈≈~T@............#...
~≈≈~~.~~≈≈≈≈≈~~~.............#...
≈≈≈..~...~≈≈≈.....#..........#...
.~≈~...~~.≈~~~~~..#..........#...
~≈≈..>............#..........#...
≈≈~~....~≈~~≈~≈~..####.......####
≈≈≈.~..~~~≈≈≈≈~~.....'...........
~≈≈≈≈~≈~≈≈.≈~≈≈......#...........
~~≈≈≈≈≈≈≈~~.~≈~......#........(.#


You could see Snorg (berserk).

Vanquished Creatures
  Gastronok (D:8)
  Lodul (D:10)
  An unseen horror (D:9)
  4 trolls
  Grinder (D:3)
  A wyvern (D:8)
  6 yaks (D:7)
  3 steam dragons
  Menkaure (D:4)
  An acid dragon (D:10)
  Edmund (D:4)
  2 water moccasins
  2 orc warriors
  2 sky beasts (D:7)
  2 black bears (D:5)
  3 wolves (D:9)
  10 ogres
  2 centaurs
  2 kobold brigands
  A gnoll sergeant (D:5)
  4 bullfrogs
  2 necrophages
  3 scorpions
  Blork the orc (D:4)
  A wyvern zombie (Ossuary)
  3 wights (D:9)
  12 killer bees
  3 electric eels (D:10)
  3 howler monkeys (D:7)
  6 bullfrog zombies (Ossuary)
  5 centaur zombies (Ossuary)
  8 hounds
  Crazy Yiuf (D:3)
  A gnoll bouda (D:7)
  6 orc priests
  2 jellies
  4 iguanas
  17 mummies (Ossuary)
  Natasha (thrice) (D:3)
  8 orc wizards
  A howler monkey zombie (Ossuary)
  8 gnolls
  6 adders
  2 white imps
  2 ufetubi
  2 worms (D:3)
  3 dart slugs
  25 orcs
  8 ball pythons
  3 bats (D:3)
  3 endoplasms
  A giant cockroach (D:2)
  5 goblins
  9 hobgoblins
  3 jackals (D:1)
  5 quokkas
  4 frilled lizards
  15 kobolds
  6 rats
251 creatures vanquished.

Vanquished Creatures (others)
  A wolf (D:10)
  4 fungi (D:3)
  7 withered plants (Ossuary)
12 creatures vanquished.

Grand Total: 263 creatures vanquished

Notes
Turn   | Place    | Note
-------+----------+-------------------------------------------
     0 | D:1      | Iich the Hill Orc Fighter began the quest for the Orb.
     0 | D:1      | Reached XP level 1. HP: 19/19 MP: 1/1
    46 | D:1      | You fall into a shaft and drop 1 floor!
   130 | D:1      | Reached skill level 3 in Axes
   277 | D:1      | Reached XP level 2. HP: 27/27 MP: 2/2
   492 | D:1      | Reached skill level 4 in Axes
   493 | D:1      | Reached XP level 3. HP: 31/33 MP: 3/3
  1062 | D:2      | Found a faded altar of an unknown god.
  1063 | D:2      | Noticed a floating eye
  1065 | D:2      | Noticed a floating eye
  1065 | D:2      | Noticed a golden eye
  1065 | D:2      | Noticed a floating eye
  1515 | D:3      | Noticed Grinder
  1711 | D:3      | Paralysed by Grinder for 4 turns
  1718 | D:3      | Paralysed by Grinder for 3 turns
  1725 | D:3      | Killed Grinder
  1726 | D:3      | Reached skill level 5 in Fighting
  1726 | D:3      | Reached skill level 6 in Axes
  1726 | D:3      | Reached XP level 4. HP: 36/42 MP: 4/4
  1726 | D:3      | Reached XP level 5. HP: 41/48 MP: 5/5
  1726 | D:3      | Reached XP level 6. HP: 48/56 MP: 6/6
  1780 | D:3      | Identified the +3 dagger "Extyurghi" {flame, Dex+3}
  1961 | D:3      | Noticed Natasha
  1967 | D:3      | Killed Natasha
  1968 | D:3      | Reached skill level 7 in Axes
  2355 | D:3      | Found a sparkling altar of Nemelex Xobeh.
  2544 | D:3      | Noticed Natasha
  2555 | D:3      | Killed Natasha
  2562 | D:3      | Noticed Natasha
  2570 | D:3      | Killed Natasha
  2934 | D:3      | Found a runed translucent door.
  2935 | D:3      | Noticed Crazy Yiuf
  2944 | D:3      | Killed Crazy Yiuf
  3392 | D:4      | Reached skill level 8 in Axes
  3392 | D:4      | Reached XP level 7. HP: 47/63 MP: 7/7
  3573 | D:4      | Noticed Menkaure
  3586 | D:4      | Killed Menkaure
  3587 | D:4      | Noticed Edmund
  3970 | D:4      | Noticed Blork the orc
  3976 | D:4      | Killed Blork the orc
  3977 | D:4      | Reached skill level 9 in Axes
  4135 | D:4      | Killed Edmund
  4488 | D:5      | Entered Level 5 of the Dungeon
  4534 | D:5      | Reached XP level 8. HP: 60/66 MP: 8/8
  4618 | D:5      | Reached skill level 10 in Axes
  4636 | D:5      | Found an ornate altar of the Wu Jian Council.
  4787 | D:5      | Got the Reference Book on the Discharge and Congelation
  4922 | D:5      | Reached skill level 11 in Axes
  6070 | D:6      | Reached skill level 12 in Axes
  6070 | D:6      | Reached XP level 9. HP: 60/82 MP: 9/9
  6429 | D:6      | Found a glowing silver altar of Zin.
  6887 | D:7      | Reached skill level 13 in Axes
  7033 | D:7      | Found a sand-covered staircase.
  7038 | Ossuary  | Entered an ossuary
  7250 | Ossuary  | Reached skill level 14 in Axes
  7365 | Ossuary  | Reached skill level 10 in Fighting
  7493 | Ossuary  | Reached XP level 10. HP: 82/93 MP: 10/10
  7969 | D:7      | Reached skill level 15 in Axes
  8343 | D:7      | Found a staircase to the Ecumenical Temple.
  8352 | Temple   | Entered the Ecumenical Temple
  8480 | Temple   | Became a worshipper of Warmaster Okawaru
  8656 | D:8      | Found an opulent altar of Gozag.
  8817 | D:8      | Noticed Gastronok
  8854 | D:8      | Killed Gastronok
  8854 | D:8      | Reached * piety under Okawaru
  8855 | D:8      | Reached skill level 16 in Axes
  9820 | D:8      | Found Unang's Assorted Antiques.
  9826 | D:8      | Bought a shiny chain mail for 150 gold pieces
 10074 | D:9      | Reached skill level 17 in Axes
 10079 | D:9      | Reached ** piety under Okawaru
 10080 | D:9      | Reached XP level 11. HP: 71/103 MP: 11/11
 10336 | D:9      | Found a bloodstained altar of Trog.
 10337 | D:9      | Found a radiant altar of Vehumet.
 10337 | D:9      | Found a stormy altar of Qazlal.
 10337 | D:9      | Found a hazy altar of Hepliaklqana.
 10467 | D:9      | Found a staircase to the Orcish Mines.
 10588 | D:10     | Entered Level 10 of the Dungeon
 11988 | D:10     | Reached skill level 18 in Axes
 12209 | D:10     | Identified the +3 shortbow "Taelirph" {drain, rCorr Int+6}
 12226 | D:10     | Reached *** piety under Okawaru
 12372 | D:10     | Noticed Lodul
 12389 | D:10     | Killed Lodul
 12694 | D:10     | Found a staircase to the Lair.
 13009 | D:10     | Found Qeathrese's Fire Supplies.
 13113 | D:10     | Noticed Snorg
 13130 | D:10     | HP: 1/106 [Snorg (8)]
 13130 | D:10     | Mangled by Snorg

Illustrated notes

Levels and vault maps discovered:
D:1:      minmay_arrival_up_and_down, layout_loops_ring
D:2:      layout_loops_corners, hellmonk_ecumenical_altar_watching_god,
          roderic_roman_lattice
D:3:      layout_loops_ring, nemelex_dance_club_becter, serial_rivers,
          chequers_serial_rivers_marsh, chequers_serial_rivers_marsh,
          chequers_serial_rivers_large_b, chequers_serial_rivers_micro_a,
          chequers_serial_rivers_small_b, chequers_serial_rivers_marsh,
          uniq_grinder, uniq_crazy_yiuf_cottage, uniq_natasha
D:4:      layout_loops_ring, uniq_edmund, uniq_menkaure, uniq_blork_the_orc
D:5:      layout_basic, lemuel_tele_altar, hangedman_decor_points
D:6:      layout_basic, lemuel_doored_altar
D:7:      layout_basic, minmay_temple_entry_antechambers, enter_ossuary_2,
          dk_noncrumbling_4
D:8:      layout_basic, nicolae_overflow_crystal_walls, serial_shops,
          shop_fountains, grunt_ogre_cave,
          nicolae_concentric_dashed_squares_wild, uniq_gastronok
D:9:      layout_basic, chequers_temple_overflow_statue_of_worship, orc_0_dummy
D:10:     layout_irregular_city, erik_lair_island, nicolae_shop_fire_sale
          [nicolae_sub_dead_trees], uniq_snorg, uniq_lodul
Temple:   nicolae_temple_superstar

Skill      XL: |  1  2  3  4  5  6  7  8  9 10 11 |
---------------+----------------------------------+-----
Axes           | 3 4 6 8 9 12 14 17 18 | 18.6
Fighting       | 4 5 6 7 8 10 11 12 | 12.8
Armour         | |  3.2
Shields        | |  3.2

Action                     |  1- 3 |  4- 6 |  7- 9 | 10-12 || total
---------------------------+-------+-------+-------+-------++-------
  Melee: War axe           |   106 |   100 |   422 |   338 ||   966
  Evoke: Wand              |       |       |     6 |     6 ||    12
    Use: Scroll            |     1 |     2 |     6 |     7 ||    16
         Potion            |     2 |       |     4 |    10 ||    16
 Armour: Scale mail        |    41 |    33 |   115 |    16 ||   205
         Chain mail        |       |       |       |   117 ||   117
  Dodge: Dodged            |    34 |    46 |   206 |   182 ||   468
  Block: Buckler           |    21 |    16 |   135 |   165 ||   337
         Reflection        |       |       |     2 |     5 ||     7

Table legend: (Time is in decaauts)
 A = Elapsed time spent in this place.
 B = Non-inter-level travel time spent in this place.
 C = Inter-level travel time spent in this place.
 D = Time resting spent in this place.
 E = Time spent auto-exploring this place.
 F = Levels seen in this place.
 G = Mean time per level.
                   A        B        C        D        E       F      G
               +--------+--------+--------+--------+--------+-----+--------+
         Total |  13235 |  12864 |    371 |   2380 |   8330 |  12 | 1102.9 |
       Dungeon |  12332 |  11961 |    371 |   2344 |   7890 |  10 | 1233.2 |
        Temple |    139 |    139 |      0 |      0 |    100 |   1 |  139.0 |
       Ossuary |    763 |    763 |      0 |     36 |    339 |   1 |  763.0 |
               +--------+--------+--------+--------+--------+-----+--------+

Top non-repeatable levels by time:
     D:9: 1912 daAuts
     D:3: 1553 daAuts
     D:8: 1408 daAuts
     D:4: 1387 daAuts
     D:5: 1257 daAuts
    D:10: 1169 daAuts
     D:6: 1043 daAuts
     D:2: 1011 daAuts
     D:7: 900 daAuts
 Ossuary: 763 daAuts
     D:1: 686 daAuts
  Temple: 139 daAuts
